Map: 2000 Atmospheres LE

Players

goblin

  • Race: Protoss Protoss
  • League: Master

Strange - Winner!

  • Race: Protoss Protoss
  • League: Master

Event: DreamHack SC2 Masters 2021 Summer

VOD

Have the link to the VOD?

Description

Time

  • Played on: May 21, 2021, 12:45 p.m.
  • Length: 10:08

All games in this series

Show
View Real Time Build Order
Export as new Build Order

goblin Protoss 

Build Orders: Oracle Opening 

Get SALT Encoding   

  12  0:00  Probe  
  13  0:12  Probe  
  14  0:17  Pylon  
  14  0:24  Probe (Chrono Boost)  
  15  0:36  Probe (Chrono Boost)  
  15  0:38  Gateway  
  16  0:44  Probe (Chrono Boost)  
  16  0:46  Assimilator  
  17  0:51  Probe  
  17  0:54  Assimilator  
  18  1:03  Probe (Chrono Boost)  
  19  1:07  Gateway  
  19  1:13  Probe (Chrono Boost)  
  19  1:17  Probe (Chrono Boost)  
  21  1:25  Cybernetics Core  
  21  1:29  Probe  
  22  1:37  Pylon  
  22  1:41  Probe  
  23  1:55  Probe  
  24  2:02  Stalker x2  
  24  2:04  Warp Gate  
  28  2:14  Pylon  
  28  2:22  Stargate  
  28  2:34  Stalker  
  28  2:35  Stalker  
  32  2:43  Probe  
  33  3:03  Oracle (Chrono Boost)  
  36  3:14  Nexus  
  36  3:28  Shield Battery  
  36  3:32  Pylon  
  36  3:34  Oracle (Chrono Boost)  
  39  3:52  Probe  
  39  3:55  Stalker x2  
  44  4:03  Shield Battery  
  44  4:09  Pylon  
  42  4:29  Void Ray (Chrono Boost)  
  38  4:33  Stalker x2  
  37  4:56  Shield Battery  
  32  5:04  Stalker  
  31  5:12  Probe  
  31  5:13  Probe  
  30  5:24  Probe (Chrono Boost)  
  30  5:25  Sentry  
  35  5:36  Probe (Chrono Boost)  
  35  5:39  Probe (Chrono Boost)  
  35  5:42  Probe (Chrono Boost)  
  35  5:49  Probe  
  37  6:04  Stalker  
  37  6:06  Probe  
  40  6:25  Probe  
  41  6:33  Stalker x2  
  45  6:44  Pylon  
  45  6:46  Twilight Council  
  45  7:06  Nexus  
  45  7:18  Pylon  
  45  7:20  Blink (Chrono Boost)  
  45  7:23  Probe  
  46  7:36  Probe (Chrono Boost)  
  47  7:46  Probe (Chrono Boost)  
  48  7:51  Probe (Chrono Boost)  
  49  8:00  Forge  
  49  8:02  Probe (Chrono Boost)  
  51  8:14  Probe (Chrono Boost)  
  51  8:15  Shield Battery  
  52  8:20  Probe (Chrono Boost)  
  52  8:21  Stalker x2  
  52  8:22  Probe (Chrono Boost)  
  58  8:27  Probe (Chrono Boost)  
  58  8:30  Probe (Chrono Boost)  
  58  8:32  Probe (Chrono Boost)  
  59  8:34  Pylon  
  60  8:46  Stalker x2  
  64  8:50  Shield Battery  
  64  9:06  Probe x2, Shield Battery  
  66  9:12  Stalker x2  
  54  9:35  Stalker x2  
  34  10:03  Stalker x2  
Show
View Real Time Build Order
Export as new Build Order

Strange Protoss - Winner!

Build Orders:  

Get SALT Encoding   

  12  0:00  Probe  
  13  0:12  Probe  
  14  0:17  Pylon  
  14  0:24  Probe (Chrono Boost)  
  16  0:37  Probe (Chrono Boost), Gateway  
  16  0:42  Probe (Chrono Boost)  
  16  0:45  Assimilator  
  17  0:52  Probe (Chrono Boost)  
  17  0:54  Assimilator  
  19  1:04  Probe (Chrono Boost)  
  19  1:07  Gateway  
  19  1:13  Probe (Chrono Boost)  
  20  1:18  Probe  
  20  1:24  Cybernetics Core  
  21  1:30  Probe  
  22  1:33  Pylon  
  22  1:42  Probe  
  23  1:54  Probe  
  23  1:57  Warp Gate (Chrono Boost)  
  23  2:00  Stalker x2  
  28  2:12  Pylon  
  28  2:27  Pylon  
  28  2:30  Stalker x2  
  32  2:39  Robotics Facility  
  32  2:48  Gateway  
  32  3:00  Stalker  
  32  3:02  Stalker  
  36  3:11  Pylon  
  36  3:23  Warp Prism (Chrono Boost)  
  38  3:41  Stalker  
  40  3:42  Stalker  
  42  3:48  Stalker  
  44  3:57  Pylon  
  44  4:06  Stalker  
  43  4:18  Stalker  
  36  4:39  Stalker x2  
  40  5:00  Warp Prism (Chrono Boost)  
  38  5:15  Stalker  
  38  5:16  Stalker  
  38  5:17  Stalker  
  38  5:21  Probe  
  45  5:27  Shield Battery  
  45  5:33  Probe  
  41  5:45  Probe  
  42  5:57  Probe  
  43  6:07  Twilight Council  
  43  6:09  Probe  
  43  6:21  Probe (Chrono Boost)  
  44  6:33  Observer, Probe (Chrono Boost)  
  44  6:37  Pylon  
  45  6:40  Probe (Chrono Boost)  
  46  6:47  Blink (Chrono Boost)  
  46  6:48  Probe  
  46  7:00  Probe  
  46  7:12  Probe  
  46  7:13  Nexus  
  47  7:19  Observer  
  47  7:22  Stalker  
  49  7:31  Observer  
  49  7:33  Stalker  
  49  7:35  Probe  
  52  7:49  Probe  
  53  7:53  Observer  
  53  7:54  Stalker  
  56  8:01  Probe  
  54  8:10  Observer  
  52  8:13  Probe  
  52  8:18  Stalker x2  
  57  8:25  Probe  
  58  8:28  Stalker  
  58  8:34  Observer  
  60  8:37  Observer  
  60  8:50  Stalker  
  60  8:51  Stalker  
  60  8:53  Stalker  
  56  9:24  Stalker x3  
  58  9:49  Stalker x3  
Tags
 
Add a new tag
Caveats
  • Supply blocks, unpowered buildings, or Contaminate may cause inaccurate times.
  • Supply counts are checked every 10 seconds.